 Dungeon Crawl Stone Soup version 0.18.1-6-gd335043 (webtiles) character file.

115 HungrySpirit the Charlatan (level 5, -4/31 HPs)
             Began as a Kobold Artificer on May 18, 2016.
             Slain by a shadow imp (6 damage)
             ... summoned by Natasha
             ... on level 2 of the Dungeon.
             The game lasted 00:04:02 (1853 turns).

HungrySpirit the Charlatan (Kobold Artificer)       Turns: 1853, Time: 00:04:03

Health: -4/31      AC:  3    Str: 10    XL:     5   Next: 20%
Magic:  8/8        EV: 15    Int: 10    God:
Gold:   117        SH:  0    Dex: 17    Spells: 0 memorised, 4 levels left

rFire  . . .     SeeInvis .     q - +1 dagger (flame)
rCold  . . .     Gourm    .     b - +0 leather armour
rNeg   . . .     Faith    .     (shield restricted)
rPois  .         Spirit   .     (no helmet)
rElec  .         Dismiss  .     (no cloak)
rCorr  .         Reflect  .     (no gloves)
SustAt .         Harm     .     (no boots)
MR     .....                    (no amulet)
Stlth  ++........               (no ring)
                                (no ring)

@: not resistant to hostile enchantments, unstealthy
A: carnivore 3
a: no special abilities


You were on level 2 of the Dungeon.
You were very full.

You visited 1 branch of the dungeon, and saw 2 of its levels.

You collected 117 gold pieces.

Inventory:

Hand Weapons
 q - a +1 dagger of flaming (weapon)
Armour
 b - a +0 leather armour (worn)
Wands
 c - a wand of flame (0/48)
 d - a wand of enslavement (15/24)
 e - a wand of random effects (10/48)
Scrolls
 h - a scroll of blinking {unknown}
 j - a scroll of teleportation {unknown}
 k - a scroll of enchant weapon {unknown}
 l - a scroll of remove curse {unknown}
 m - 2 scrolls of identify {unknown}
Potions
 g - a potion of agility {unknown}
 n - a potion of curing {unknown}
 o - a potion of flight {unknown}
 p - a potion of degeneration {unknown}
Comestibles
 f - 4 meat rations
 i - a beef jerky


   Skills:
 + Level 2.5 Fighting
 * Level 3.8 Short Blades
 + Level 3.4 Dodging
 - Level 1.3 Stealth
 + Level 4.3 Evocations


You had 4 spell levels left.
You didn't know any spells.

Dungeon Overview and Level Annotations

Branches:
Dungeon (2/15)

Altars:

Annotations:
D:2 Natasha


Innate Abilities, Weirdness & Mutations

You are small and have problems with some larger weapons.
You are carnivorous and can eat meat at any time.


Message History

* * * LOW HITPOINT WARNING * * *
The crimson imp blinks!
The crimson imp barely misses you.
Unknown command.
The adder completely misses you.
The crimson imp blinks!
The crimson imp blinks!
The adder barely misses you.
Evoke which item? (* to show all) (? for menu, Esc to quit)
Zapping:
e - a wand of random effects (12/48)
Press: ? - help, Shift-Dir - straight line, f - adder
Aim: an adder The adder resists with significant effort.
This wand has 11 charges left.
The adder barely misses you.
The crimson imp blinks!
Evoke which item? (* to show all) (? for menu, Esc to quit)
Zapping:
e - a wand of random effects (11/48)
Press: ? - help, Shift-Dir - straight line, f/p - adder
Aim: an adder Nothing appears to happen.
This wand has 10 charges left.
The adder bites you but does no damage. The shadow imp hits you.
You die...

#.## #...............####.### .##
#..!.................###### ##
#.....§.........#.#........
#.....h.........#..........
#...............###........
#.......§.......# #......[.
#......)........###........
#...)...5S.................
#.....)..5@................
#######...##########.............
..........# #........).(..
..........# #......<......
..........# #.............
..........##########.............
.....................>...........
..........##....#####...#........
.......#####....# #...#########


You could see a crimson imp, an adder, a shadow imp and the friendly Natasha
(paralysed).

Vanquished Creatures
  Natasha (twice) (D:2)
  An adder (D:2)
  A worm (D:2)
  A dart slug (D:1)
  2 giant geckos (D:1)
  4 giant cockroaches
  10 goblins
  5 hobgoblins
  4 kobolds
  7 bats
  A giant newt (D:1)
  9 rats
47 creatures vanquished.

Notes
Turn   | Place    | Note
--------------------------------------------------------------
     0 | D:1      | HungrySpirit the Kobold Artificer began the quest for the Orb.
     0 | D:1      | Reached XP level 1. HP: 12/12 MP: 3/3
   149 | D:1      | Reached XP level 2. HP: 11/16 MP: 4/4
   477 | D:1      | Reached XP level 3. HP: 1/20 MP: 5/5
   990 | D:2      | Reached skill level 4 in Evocations
  1075 | D:2      | Reached XP level 4. HP: 22/26 MP: 7/7
  1222 | D:2      | Noticed Natasha
  1228 | D:2      | Killed Natasha
  1397 | D:2      | Noticed Natasha
  1420 | D:2      | Killed Natasha
  1420 | D:2      | Reached XP level 5. HP: 14/31 MP: 8/8
  1839 | D:2      | Noticed Natasha
  1853 | D:2      | Slain by a shadow imp

Skill      XL: |  1  2  3 |
---------------+----------+-----
Short Blades   | 2 3 |  3.8
Dodging        | 3 |  3.4
Evocations     | 4 |  4.3
Fighting       | 2 |  2.5
Stealth        | |  1.3

Action                   |  1- 3 |  4- 6 || total
-------------------------+-------+-------++-------
Melee: Short sword       |   105 |       ||   105
       Dagger            |     7 |    44 ||    51
Evoke: Wand              |     7 |    13 ||    20
 Stab: Sleeping          |     3 |       ||     3
  Eat: Chunk             |     9 |     2 ||    11
Armor: Leather armour    |    19 |     7 ||    26
Dodge: Dodged            |    99 |    38 ||   137
